 Seeded DCSS version 0.31-a0-208-gdb31a4691d (webtiles) character file.

Game seed: 12064106976333941751 (custom seed)

332 innerfire43 the Trooper (level 6, -1/51 HPs)
             Began as a Demonspawn Monk on June 28, 2023.
             Was a Follower of Cheibriados.
             Slain by a wyvern (9 damage)
             ... on level 4 of the Dungeon.
             The game lasted 00:04:24 (3330 turns).

innerfire43 the Trooper (Demonspawn Monk)           Turns: 3330, Time: 00:04:24

Health: -1/51      AC: 12    Str: 17    XL:     6   Next: 26%
Magic:  6/6        EV:  6    Int: 14    God:    Cheibriados [*.....]
Gold:   209        SH:  0    Dex: 18    Spells: 5/5 levels left

rFire   . . .        f - +0 dagger (venom)
rCold   . . .        d - orb {light}
rNeg    . . .        t - +2 plate armour
rPois   .            (helmet restricted)
rElec   .            (no cloak)
rCorr   .            (no gloves)
SInv    .            (no boots)
Will    .....        g - amulet of faith Stlth
                     (no ring)
HPRegen 0.28/turn    (no ring)
MPRegen 0.10/turn

%: faith
@: glowing, very slow
A: horns 2, foul stench 1
a: Renounce Religion, Bend Time


You were on level 4 of the Dungeon.
You worshipped Cheibriados.
Cheibriados was aware of your devotion.
You visited 1 branch of the dungeon, and saw 4 of its levels.
You also visited: Sewer.

You collected 209 gold pieces.

Inventory:

Hand Weapons
 a - a +0 short sword
 f - a +0 dagger of venom (weapon)
 h - a +3 short sword of speed
 x - a +3 club
Armour
 b - a +0 robe
 d - an orb of light (worn)
 t - a +2 plate armour (worn)
Jewellery
 g - an amulet of faith (around neck)
Wands
 c - a wand of charming (14)
 q - a wand of roots (7)
 w - a wand of polymorph (5)
Scrolls
 e - 2 scrolls of teleportation
 i - 6 scrolls of identify
 j - 2 scrolls of fear
 k - a scroll of fog
 s - a scroll of poison
Potions
 l - a potion of degeneration {unknown}
 m - 2 potions of attraction {unknown}
 n - a potion of heal wounds {unknown}
 o - a potion of might {unknown}
 p - 3 potions of lignification {unknown}
 r - a potion of curing {unknown}
 u - 2 potions of mutation {unknown}
 v - a potion of haste {unknown}


   Skills:
 * Level 5.0 Fighting
 * Level 4.4 Short Blades
 + Level 3.9 Dodging


You had 5 spell levels left.
You didn't know any spells.
Your spell library contained the following spells:

 Spells                   Type           Power      Damage    Failure   Level
 Cigotuvi's Dreadful Rot  Necr/Pois/Air  0%         N/A       100%        2
 Dispel Undead            Necr           0%         3d6       100%        4
 Death Channel            Necr           0%         N/A       100%        6


Dungeon Overview and Level Annotations

Branches:
Dungeon (4/15)              Sewer (visited)
 Temple: D:4-7

Altars:
Cheibriados
Yredelemnul


Innate Abilities, Weirdness & Mutations

You have a pair of horns on your head.
You may rarely emit foul miasma when damaged in melee.


Message History

The wyvern bites you.
You hit the wyvern but do no damage. The wyvern barely misses you.
You hit the wyvern but do no damage.
The wyvern is poisoned.
The wyvern bites you!
You barely miss the wyvern.
The wyvern bites you but does no damage.
You hit the wyvern but do no damage.
The wyvern looks as sick as possible!
The wyvern is lightly wounded.
The wyvern barely misses you.
You hit the wyvern but do no damage.
The wyvern looks as sick as possible!
You headbutt the wyvern.
The wyvern is moderately wounded.
The wyvern bites you but does no damage.
An iguana comes into view.
The wyvern bites you but does no damage.
You hit the wyvern but do no damage.
The wyvern is moderately wounded.
The wyvern bites you!
You barely miss the wyvern.
The wyvern is heavily wounded.
The wyvern barely misses you.
You hit the wyvern but do no damage.
The wyvern looks as sick as possible!
The wyvern is heavily wounded.
The wyvern bites you but does no damage.
You hit the wyvern but do no damage.
The wyvern looks as sick as possible!
The wyvern is heavily wounded.
The wyvern barely misses you.
You hit the wyvern but do no damage.
The wyvern looks as sick as possible!
The wyvern is severely wounded.
The wyvern bites you! The wyvern bites you.
You hit the wyvern.
The wyvern looks as sick as possible!
The wyvern is severely wounded.
The orc priest invokes the aid of Beogh against you.
Beogh smites you!
* * * LOW HITPOINT WARNING * * *
The wyvern bites you but does no damage.
You hit the wyvern.
The wyvern is almost dead.
The wyvern bites you!
You die...

############## #########
#.............
........###.####........
####.............#######
#.##.###)....@......#
#.##.....####l####...
#.######.# #o# ## #..
..# #o# .# #.# ... #l.
.###.# #.# #.. .^...#
... ... ... #..# .##


You could see a wyvern (extremely poisoned), an iguana, an orc priest and an
orc.

Vanquished Creatures
  An orc priest (D:4)
  Ijyb (D:4)
  2 orc wizards (D:3)
  11 adders
  2 river rats
  4 worms
  3 dart slugs
  8 orcs (D:3)
  2 endoplasms
  3 giant cockroaches
  8 goblins
  7 hobgoblins
  4 quokkas
  10 ball pythons
  6 bats
  6 frilled lizards
  8 kobolds
  9 rats
95 creatures vanquished.

Notes
Turn   | Place    | Note
-------+----------+-------------------------------------------
     0 | D:1      | innerfire43 the Demonspawn Monk began the quest for the
                  | Orb.
     0 | D:1      | Reached XP level 1. HP: 18/18 MP: 1/1
   143 | D:1      | Gained mutation: You may rarely emit foul miasma when
                  | damaged in melee. [demonic ancestry]
   143 | D:1      | Reached XP level 2. HP: 22/24 MP: 2/2
   563 | D:2      | Reached XP level 3. HP: 26/29 MP: 3/3
   971 | D:2      | Reached XP level 4. HP: 37/37 MP: 4/4
  1524 | D:3      | Reached skill level 4 in Fighting
  2024 | D:3      | Gained mutation: You have a pair of small horns on your
                  | head. [demonic ancestry]
  2024 | D:3      | Reached XP level 5. HP: 9/43 MP: 5/5
  2578 | D:4      | Found a glowing drain.
  2725 | Sewer    | Entered a sewer
  2988 | Sewer    | Gained mutation: You have a pair of horns on your head.
                  | [demonic ancestry]
  2988 | Sewer    | Reached XP level 6. HP: 50/50 MP: 6/6
  3197 | D:4      | Noticed Ijyb
  3217 | D:4      | Killed Ijyb
  3245 | D:4      | Found a basalt altar of Yredelemnul.
  3246 | D:4      | Found a snail-covered altar of Cheibriados.
  3260 | D:4      | Became a worshipper of Cheibriados the Contemplative
  3260 | D:4      | Reached * piety under Cheibriados
  3260 | D:4      | Reached ** piety under Cheibriados
  3310 | D:4      | Reached skill level 5 in Fighting
  3316 | D:4      | Noticed a wyvern
  3330 | D:4      | Slain by a wyvern

Illustrated notes

Levels and vault maps discovered:
D:1:      lightli_iron_boxes, layout_rooms
D:2:      layout_rooms
D:3:      layout_loops_corners
D:4:      layout_loops_ring, chequers_temple_overflow_statue_of_worship,
          gup_sewer_entry_spiral, uniq_ijyb

Skill      XL: |  1  2  3  4  5  6 |
---------------+-------------------+-----
Dodging        | 3 |  3.9
Short Blades   | 3 4 |  4.4
Fighting       | 4 5 |  5.0

Action                     |  1- 3 |  4- 6 || total
---------------------------+-------+-------++-------
  Melee: Short sword       |   104 |   213 ||   317
         Dagger            |     3 |    12 ||    15
         Headbutt          |       |    24 ||    24
         Unarmed           |       |    11 ||    11
    Use: Scroll            |       |    10 ||    10
         Potion            |       |     1 ||     1
 Armour: Robe              |    16 |     1 ||    17
         Plate armour      |       |   107 ||   107
  Dodge: Dodged            |    46 |    46 ||    92

Table legend: (Time is in decaauts)
 A = Elapsed time spent in this place.
 B = Non-inter-level travel time spent in this place.
 C = Inter-level travel time spent in this place.
 D = Time resting spent in this place.
 E = Time spent auto-exploring this place.
 F = Levels seen in this place.
 G = Mean time per level.
                   A        B        C        D        E       F      G
               +--------+--------+--------+--------+--------+-----+--------+
         Total |   3341 |   3207 |    134 |      0 |   2565 |   5 |  668.2 |
       Dungeon |   2904 |   2770 |    134 |      0 |   2254 |   4 |  726.0 |
         Sewer |    437 |    437 |      0 |      0 |    310 |   1 |  437.0 |
               +--------+--------+--------+--------+--------+-----+--------+

Top non-repeatable levels by time:
     D:3: 1137 daAuts
     D:4: 677 daAuts
     D:2: 560 daAuts
     D:1: 529 daAuts
   Sewer: 437 daAuts
